 Dungeon Crawl Stone Soup version 0.16.0-8-gd9ae3a8 (webtiles) character file.

368860 BabyDontHurtMe the Warrior (level 21, -2/193 (194) HPs)
             Began as a Vampire Hunter on Mar 16, 2015.
             Was the Champion of Trog.
             Slain by a vault guard
             ... wielding a +0 battleaxe
              (23 damage)
             ... on level 5 of the Vaults.
             The game lasted 05:14:39 (48709 turns).

BabyDontHurtMe the Warrior (Vampire Hunter)        Turns: 48709, Time: 05:14:40

HP:   -2/193 (194)  AC: 34    Str: 25    XL:     21   Next: 95%
MP:   30/30         EV: 24    Int: 18    God:    Trog [******]
Gold: 3472          SH: 22    Dex: 28    Spells: 0 memorised, 20 levels left

rFire  . . .     SeeInvis +     a - +7 long sword of Expedience {vamp, rF- Str+2 Dex+4}
rCold  . . .     Clarity  +     X - +8 fire dragon armour
rNeg   + . .     SustAb   .     U - +0 large shield {AC+3}
rPois  .         Gourm    .     i - +3 hat of Pondering {ponderous, MR+ MP+10 Int+5}
rElec  .         Spirit   .     A - +1 cloak {+Inv}
rCorr  .         Warding  .     H - +2 pair of gloves {Dex+3}
rMut   .         Stasis   .     R - +0 pair of boots "Bri Noutt" {+Inv Str+3}
MR     ++++.                    O - amulet of Atheism {Clar +Fly rF- MR+ Str+4 Stlth-}
Stlth  ..........               j - +6 ring of slaying
                                K - ring of protection from cold

@: mighty, about to teleport, very slightly contaminated, slow, incredibly
resistant to hostile enchantments, extremely unstealthy
A: bottle blood, fangs 3, horns 1, talons 1, see invisible, mutation resistance
1, robust 1, screaming 1, unbreathing
a: Bat Form, Burn Spellbooks, Berserk, Trog's Hand, Brothers in Arms, Renounce
Religion, Evoke Invisibility, Evoke Flight
}: 1/15 runes: serpentine


You were on level 5 of the Vaults.
You worshipped Trog.
Trog was exalted by your worship.
You were not thirsty.

You visited 6 branches of the dungeon, and saw 40 of its levels.
You visited 1 bazaar.
You also visited: Sewer and Ice Cave.

You collected 4967 gold pieces.
You spent 1495 gold pieces at shops.

Inventory:

Hand weapons
 a - the +7 long sword of Expedience (weapon) {vamp, rF- Str+2 Dex+4}
   (Trog gifted it to you on level 2 of the Elven Halls)

   It inflicts no extra harm, but heals its wielder somewhat when it strikes a
   living foe.
   It affects your strength (+2).
   It affects your dexterity (+4).
   It makes you vulnerable to fire.
 b - a +6 hand crossbow of flaming
 p - the +4 great sword "Death Rattle" {slice, +Inv Dex+6}
   (Trog gifted it to you on level 8 of the Lair of Beasts)

   It inflicts extra damage upon your enemies.
   It affects your dexterity (+6).
   It lets you turn invisible.
 r - the +8 blowgun "Throtize" {evade, rElec rPois MP+9 Int-2}
   (You found it on level 8 of the Lair of Beasts)

   It affects your evasion (+5 to EV).
   It affects your intelligence (-2).
   It insulates you from electricity.
   It protects you from poison.
   It affects your magic capacity (+9).
 W - a +0 quick blade
Missiles
 c - 958 bolts
 e - 70 silver bolts
 u - 21 curare-tipped needles
 v - 114 bolts of flame
 J - 59 bolts of penetration
 P - 81 bolts of frost
 V - 58 steel bolts
 Z - 86 poisoned bolts
Armour
 i - the +3 hat of Pondering (worn) {ponderous, MR+ MP+10 Int+5}
   (You took it off Gastronok on level 9 of the Dungeon)

   It affects your intelligence (+5).
   It affects your resistance to hostile enchantments.
   It affects your magic capacity (+10).
 A - a +1 cloak of invisibility (worn)
 H - a +2 pair of gloves of dexterity (worn)
 R - the +0 pair of boots "Bri Noutt" (worn) {+Inv Str+3}
   (You acquired it on level 5 of the Snake Pit)

   It affects your strength (+3).
   It lets you turn invisible.
 U - a +0 large shield of protection (worn)
 X - a +8 fire dragon armour (worn)
Jewellery
 j - a +6 ring of slaying (right hand)
 l - the ring of Shaolin {EV+8}
   (You took it off a deep elf high priest on level 3 of the Elven Halls)

   [ring of evasion]

   It affects your evasion (+8).
 s - an uncursed ring of poison resistance
 x - an uncursed amulet of regeneration
 B - the ring of Robustness {AC+8}
   (You found it on level 15 of the Dungeon)

   [ring of protection]

   It affects your AC (+8).
 C - an uncursed ring of protection from fire
 E - a cursed ring of flight
 K - a ring of protection from cold (left hand)
 O - the amulet of Atheism (around neck) {Clar +Fly rF- MR+ Str+4 Stlth-}
   (You took it off a vault sentinel on level 3 of the Vaults)

   [amulet of clarity]

   It provides mental clarity.
   It affects your strength (+4).
   It makes you vulnerable to fire.
   It affects your resistance to hostile enchantments.
   It lets you fly.
   It makes you less stealthy.
Magical devices
 h - a wand of digging (11)
 n - a wand of hasting (4)
 M - a wand of disintegration (2)
Scrolls
 g - 2 scrolls of fog
 k - 9 scrolls of teleportation
 o - 6 scrolls of recharging
 t - 22 scrolls of remove curse
 y - 7 scrolls of magic mapping
 z - 7 scrolls of identify
 G - 3 scrolls of silence
 I - 10 scrolls of enchant weapon
 L - 3 scrolls of fear
 N - 6 scrolls of blinking
 S - a scroll of enchant armour
Potions
 m - 4 potions of magic
 q - 14 potions of curing
 w - 2 potions of might
 D - 2 potions of restore abilities
 F - 2 potions of heal wounds
 T - a potion of cancellation
 Y - 5 potions of resistance
Miscellaneous
 d - a fan of gales
 Q - a fan of gales


   Skills:
 - Level 18.0 Fighting
 - Level 4.2(12.2) Short Blades
 - Level 15.8(16.0) Long Blades
 - Level 15.0 Crossbows
 - Level 12.1 Armour
 * Level 14.7 Dodging
 - Level 1.5 Stealth
 - Level 15.0 Shields


You had 20 spell levels left.
You didn't know any spells.

Dungeon Overview and Level Annotations

Branches:
Dungeon (15/15)            Temple (0/1) D:6            Lair (8/8) D:9
 Shoals (0/5) Lair:5        Snake (5/5) Lair:6        Slime (0/6) Lair:8
    Orc (4/4) D:10            Elf (3/3) Orc:3        Vaults (5/5) D:13
  Crypt (0/3) Vaults:3     Depths (0/5) D:15

Altars:
Elyvilon
Fedhas
Kikubaaqudgha
Makhleb
Nemelex Xobeh
Okawaru
Ru
Sif Muna
Trog
Yredelemnul
The Shining One
Beogh
Jiyva

Shops:
D:7 [   Orc:2 %   Orc:3 :   Orc:4 }[?[   Elf:1 *   Snake:5 ?

Portals:
Trove: D:10 (give horn of Geryon)

Annotations:
Snake:5 Vashnia


Innate Abilities, Weirdness & Mutations

You can bottle blood from corpses.
You have razor-sharp teeth.
You have supernaturally acute eyesight.
You can survive without breathing.
You have a pair of small horns on your head.
You have sharp toenails.
You are somewhat resistant to further mutation.
You are robust (+10% HP).
You occasionally shout uncontrollably at your foes.


Message History

The vault sentinel blows a loud note on a signal horn!
The phantasmal warrior blinks!
The vault guard hits you from afar with a halberd!
* * * LOW HITPOINT WARNING * * *
The deep elf death mage is infused with unholy energy, but nothing happens.
You hear a shout!
You hear a horrible gurgling sound!
You hear a horrible gurgling sound! x2
You shout at the orc!
An orc and an orc warrior come into view.
Unknown command.
Unknown command.
Drink which item? (? for menu, Esc to quit)
You feel much better. You block the flayed ghost's attack.
The vault sentinel blows a loud note on a signal horn!
You block the small abomination's attack.
The vault guard hits you with a great mace!
* * * LOW HITPOINT WARNING * * *
You block the vault guard's attack.
The vault guard hits you with a battleaxe!!
You die... #..#....# #..#....# ###..#....#.. [BC2#4...#.o. .D3Cp1Qoe.oo

#####*epppDo.##
......xQXpxCe....
...W.9ppppZpT....
....§Wpp@ppCcW...
.....4QxeWZpc....
#####*pCxCD..##


He(QeCDC.... #CyD#*p..#... .X..c#.3..#.. #...#...?# ...#....# #.. You could see
a Hell Sentinel, a shadow dragon, 2 tentacled monstrosities, 4 titans, a golden
dragon, 2 storm dragons, a frost giant, a fire giant, a quicksilver dragon, a
sphinx, a stone giant, 2 vault wardens, 4 tengu reavers, a yaktaur captain, a
balrug, a boulder beetle, 9 vault guards, an orc knight, a deep elf death mage,
2 ettins, a deep elf sorcerer, a flayed ghost, a deep elf demonologist, a war
gargoyle, an orange demon, 3 vault sentinels, 2 deep elf high priests, 2
phantasmal warriors, 3 ironbrand convokers, a hornet, 2 yaktaurs, a freezing
wraith, a deep elf conjurer, a troll, a sixfirhy, a smoke demon, a chaos spawn,
an orc sorcerer, 2 orc warriors, 3 small abominations, a mace of protection, an
orc (frenzied), a sphinx zombie and a human zombie.

Vanquished Creatures
  Sojobo (Vaults:4)
  Saint Roka (Orc:4)
  Xtahua (Vaults:4)
  A tentacled monstrosity (Vaults:4)
  3 deep elf blademasters
  Asterion (Elf:1)
  2 deep elf master archers (Elf:3)
  5 sphinxes
  Agnes (Vaults:4)
  4 tengu reavers
  A shadow dragon (Vaults:4)
  9 greater nagas
  A fire giant (D:12)
  A balrug (Elf:3)
  2 frost giants
  Wiglaf (Vaults:2)
  2 orc warlords
  3 deep elf sorcerers
  Aizul (Snake:4)
  An iron dragon (D:15)
  2 large abominations (Elf:3)
  11 vault wardens
  Gastronok (D:9)
  3 very ugly things
  Jorgrun (Snake:5)
  12 ironheart preservers
  6 stone giants
  6 deep elf demonologists (Elf:3)
  4 deep elf annihilators (Elf:3)
  5 deep elf death magi
  3 ettins
  27 vault guards
  11 yaktaur captains
  3 deep elf high priests (Elf:3)
  15 ogre magi
  An ice dragon (Orc:3)
  3 fire dragons (Elf:3)
  7 hydras
  14 naga warriors
  A great orb of eyes (Vaults:1)
  A catoblepas (Elf:3)
  A satyr (shapeshifter) (Vaults:4)
  11 anacondas
  8 centaur warriors
  13 dancing weapons (Elf:2)
  A tengu warrior (D:14)
  14 death yaks
  A deep troll shaman (Vaults:2)
  A deep troll earth mage (D:12)
  Urug (D:10)
  A shock serpent (shapeshifter) (Vaults:2)
  3 orc high priests
  11 naga sharpshooters
  Nergalle (D:12)
  4 skeletal warriors (Vaults:1)
  5 shock serpents
  19 deep elf knights
  7 iron trolls (D:15)
  2 salamander mystics (Snake:4)
  15 sea snakes
  A death drake (shapeshifter) (Vaults:4)
  3 wizards
  4 deep elf summoners
  A shadow wraith (Vaults:3)
  An unseen horror (D:14)
  An ice statue (IceCv)
  9 deep trolls
  10 naga ritualists
  Pikel (D:6)
  4 hill giants
  7 harpies
  14 ironbrand convokers
  2 giant orange brains
  3 necromancers
  28 ugly things
  3 wolf spiders
  4 hornets
  7 orc sorcerers
  A shining eye (shapeshifter) (D:12)
  14 orc knights
  A small abomination (Elf:3)
  15 deep elf conjurers
  9 salamanders
  An oklob plant (Lair:1)
  11 cyclopes
  A human zombie (Vaults:2)
  8 griffons
  15 mana vipers
  A manticore (shapeshifter) (Vaults:1)
  5 manticores (Elf:3)
  A tengu skeleton (Vaults:2)
  A guardian serpent (shapeshifter) (Vaults:1)
  A siren (Lair:5)
  A stone giant skeleton (Vaults:2)
  3 gargoyles
  25 elephants
  A human skeleton (Vaults:2)
  A queen ant (Lair:6)
  13 vault sentinels
  38 black mambas
  13 spiny frogs
  34 yaktaurs
  12 guardian serpents
  A demonic crawler (Elf:2)
  9 komodo dragons
  13 naga magi
  An efreet (D:15)
  10 trolls
  7 deep elf priests
  A red devil (Elf:3)
  2 spriggan druids (Lair:8)
  2 jumping spiders
  20 polar bears
  A harpy zombie (D:15)
  3 fire drakes
  A queen bee (Lair:2)
  6 freezing wraiths
  A boulder beetle (shapeshifter) (Vaults:3)
  33 two-headed ogres
  A baby alligator (shapeshifter) (Vaults:4)
  13 slime creatures
  A trapdoor spider zombie (D:14)
  2 ravens (D:14)
  A jumping spider (shapeshifter) (Vaults:2)
  11 blink frogs
  A hornet zombie (D:14)
  5 basilisks
  24 deep elf magi
  2 boulder beetles
  2 tarantellas
  A hungry ghost (D:14)
  9 spriggans (Lair:8)
  A spriggan (shapeshifter) (D:15)
  A vampire (D:15)
  6 redbacks
  A hippogriff (shapeshifter) (Elf:3)
  56 yaks
  2 wyverns
  Eustachio (D:7)
  20 vampire mosquitoes
  A wraith (D:14)
  2 hogs (D:9)
  Grum (D:10)
  A human (D:9)
  55 wolves
  A chaos spawn (Elf:3)
  16 porcupines
  25 water moccasins
  22 deep elf fighters
  9 wargs
  42 nagas
  3 hell hounds (Elf:3)
  14 hippogriffs
  14 soldier ants (Lair:6)
  28 orc warriors
  9 ice beasts
  3 phantoms
  9 sky beasts
  5 black bears
  70 ogres
  2 necrophages
  An eye of draining (D:11)
  A black bear (shapeshifter) (Vaults:2)
  28 centaurs
  An ettin simulacrum (Vaults:1)
  5 boggarts (Vaults:1)
  4 wasps
  2 slaves (D:6)
  Sigmund (D:2)
  4 big kobolds
  12 crocodiles
  17 giant frogs
  2 wyvern skeletons
  4 scorpions
  A water moccasin skeleton (D:11)
  14 killer bees (Lair:2)
  10 jellies
  5 electric eels (Snake:2)
  8 crimson imps
  28 orc priests
  12 hounds
  2 goliath beetles (D:6)
  2 giant frog zombies
  A wasp zombie (D:6)
  3 centaur skeletons
  2 centaur zombies
  5 giant frog skeletons
  7 iguanas
  2 hell rats (Elf:2)
  26 orc wizards
  40 worker ants
  2 killer bee zombies
  52 sheep
  A mummy (D:14)
  A hound skeleton (D:10)
  An orc zombie (Orc:4)
  59 river rats
  25 adders
  13 gnolls
  5 shadow imps
  A white imp (Vaults:4)
  4 worms
  2 giant mites
  An adder skeleton (D:8)
  An adder zombie (D:7)
  12 giant geckos
  3 oozes
  176 orcs
  12 bats
  A bat zombie (D:5)
  2 giant cockroaches (D:6)
  17 goblins
  21 hobgoblins
  15 jackals
  19 quokkas
  2 ball pythons
  4 giant newts
  A jackal skeleton (D:7)
  34 kobolds
  3 quokka skeletons
  16 rats
  A ballistomycete (D:11)
  A crawling corpse (Vaults:5)
  4 fungi
  3 plants
1996 creatures vanquished.

Vanquished Creatures (collateral kills)
  A deep elf sorcerer (Elf:3)
  A deep elf demonologist (Elf:3)
  Snorg (D:15)
  A yaktaur captain (D:15)
  A centaur warrior (D:15)
  An orc high priest (Elf:3)
  A death yak (Lair:3)
  An anaconda (Snake:2)
  A dancing weapon (Elf:2)
  A naga sharpshooter (Snake:5)
  An iron troll (D:15)
  An ugly thing (D:15)
  A cyclops (D:15)
  A black mamba (Snake:2)
  A centaur zombie (D:15)
  A yaktaur (D:15)
  A red devil (Elf:3)
  A spriggan (Lair:8)
  A wolf (Lair:8)
  A jelly (D:15)
  2 orcs (Elf:3)
22 creatures vanquished.

Vanquished Creatures (others)
  2 ugly things (D:15)
  A harpy (Elf:3)
  2 trolls
  A freezing wraith (Vaults:4)
  A yak (D:11)
  An orc warrior (Orc:4)
  A slave (D:6)
  An ogre (Snake:3)
  3 lost souls
  2 hell rats (Elf:2)
  An orc (Orc:4)
  A giant gecko zombie (D:6)
  A giant spore (D:11)
  4 fungi
  2 plants
24 creatures vanquished.

Grand Total: 2042 creatures vanquished

Notes
Turn   | Place    | Note
--------------------------------------------------------------
     0 | D:1      | BabyDontHurtMe, the Vampire Hunter, began the quest for the Orb.
     0 | D:1      | Reached XP level 1. HP: 16/16 MP: 1/1
   205 | D:1      | Reached skill level 1 in Short Blades
   290 | D:1      | Reached XP level 2. HP: 22/22 MP: 2/2
   941 | D:2      | Reached XP level 3. HP: 27/27 MP: 3/3
   956 | D:2      | Noticed Sigmund
   967 | D:2      | Killed Sigmund
   967 | D:2      | Reached skill level 4 in Crossbows
   967 | D:2      | Reached XP level 4. HP: 23/33 MP: 4/4
  1514 | D:2      | Found a bloodstained altar of Trog.
  1523 | D:2      | Became a worshipper of Trog the Wrathful
  1699 | D:3      | Reached XP level 5. HP: 34/38 MP: 5/5
  2077 | D:3      | Noticed a centaur
  2226 | D:3      | Killed a centaur
  2226 | D:3      | Reached skill level 5 in Crossbows
  2226 | D:3      | Reached XP level 6. HP: 10/44 MP: 6/6
  2566 | D:3      | Acquired Trog's first power
  2657 | D:4      | Found a glowing golden altar of the Shining One.
  2694 | D:4      | HP: 1/44 [shadow imp (5)]
  2696 | D:4      | Found a sparkling altar of Nemelex Xobeh.
  2786 | D:5      | Entered Level 5 of the Dungeon
  3112 | D:5      | Reached skill level 6 in Crossbows
  3496 | D:5      | Reached XP level 7. HP: 49/49 MP: 7/7
  3591 | D:5      | Acquired Trog's second power
  4191 | D:4      | Found a sacrificial altar of Ru.
  4284 | D:4      | Reached skill level 7 in Crossbows
  4328 | D:4      | Found an iron altar of Okawaru.
  4550 | D:4      | Found an iron altar of Okawaru.
  4923 | D:6      | Reached XP level 8. HP: 51/55 MP: 8/8
  4983 | D:6      | Found a staircase to the Ecumenical Temple.
  5089 | D:6      | Noticed Pikel
  5093 | D:6      | Reached skill level 8 in Crossbows
  5334 | D:6      | Found a glowing drain.
  5356 | Sewer    | Entered a sewer
  5624 | D:6      | Killed Pikel
  5624 | D:6      | Reached skill level 9 in Crossbows
  6100 | D:7      | Found a white marble altar of Elyvilon.
  6104 | D:7      | Reached XP level 9. HP: 61/61 MP: 9/9
  6120 | D:7      | Reached skill level 10 in Crossbows
  6698 | D:7      | Found Woerr's Antique Armour Shoppe.
  6795 | D:7      | Found a burning altar of Makhleb.
  6859 | D:7      | Noticed Eustachio
  6876 | D:7      | Killed Eustachio
  7135 | D:8      | Acquired Trog's third power
  7162 | D:8      | Gained mutation: You are somewhat resistant to further mutation. [potion of mutation]
  7163 | D:8      | Gained mutation: You occasionally shout uncontrollably at your foes. [potion of mutation]
  7163 | D:8      | Gained mutation: You are robust (+10% HP). [potion of mutation]
  7212 | D:8      | Reached skill level 11 in Crossbows
  7905 | D:9      | Reached skill level 5 in Fighting
  7953 | D:9      | Found a blossoming altar of Fedhas.
  8086 | D:9      | Reached XP level 10. HP: 36/83 MP: 10/10
  8124 | D:9      | Got a crude scale mail
  8125 | D:9      | Identified the +6 scale mail of Atiawn {rN+ Stlth+} (You found it on level 9 of the Dungeon)
  8335 | D:9      | Found a staircase to the Lair.
  8335 | D:9      | Noticed a fire drake
  8342 | D:9      | Killed a fire drake
  8423 | Lair:1   | Entered Level 1 of the Lair of Beasts
  8456 | Lair:1   | Received a gift from Trog
  8513 | Lair:1   | Noticed a five-headed hydra
  8522 | Lair:1   | Killed a five-headed hydra
  8581 | Lair:1   | Found an ancient bone altar of Kikubaaqudgha.
  8946 | Lair:1   | Noticed an oklob plant
  8985 | Lair:1   | Killed an oklob plant
  9561 | Lair:1   | Reached skill level 10 in Fighting
  9642 | Lair:1   | Reached XP level 11. HP: 57/99 MP: 11/11
 10321 | Lair:2   | Reached skill level 12 in Crossbows
 10612 | Lair:2   | Reached skill level 1 in Long Blades
 11053 | Lair:2   | Noticed a six-headed hydra
 11064 | Lair:2   | Killed a six-headed hydra
 11184 | Lair:2   | Received a gift from Trog
 11631 | Lair:3   | Reached skill level 5 in Long Blades
 12599 | Lair:4   | Noticed a death yak
 12599 | Lair:4   | Noticed a death yak
 12601 | Lair:4   | Noticed a death yak
 12629 | Lair:3   | Killed a death yak
 12735 | Lair:4   | Found a deep blue altar of Sif Muna.
 13005 | Lair:4   | Reached skill level 1 in Armour
 13005 | Lair:4   | Reached XP level 12. HP: 93/106 MP: 12/12
 13163 | Lair:4   | Noticed a death yak
 13178 | Lair:4   | Killed a death yak
 13414 | Lair:4   | Received a gift from Trog
 13441 | Lair:4   | Noticed a death yak
 13474 | Lair:3   | Killed a death yak
 14148 | Lair:5   | Received a gift from Trog
 14148 | Lair:5   | Reached skill level 5 in Armour
 14560 | Lair:5   | Found a staircase to the Shoals.
 14627 | Lair:5   | Received a gift from Trog
 15741 | Lair:4   | Killed a death yak
 15747 | Lair:4   | Killed a death yak
 16190 | Lair:6   | Received a gift from Trog
 16272 | Lair:6   | Reached XP level 13. HP: 119/119 MP: 13/13
 16422 | Lair:6   | Received a gift from Trog
 16436 | Lair:6   | Reached skill level 13 in Fighting
 17184 | Lair:6   | Found a staircase to the Snake Pit.
 17190 | Lair:6   | Received a gift from Trog
 17589 | Lair:7   | Received a gift from Trog
 18050 | Lair:7   | Identified a +0 rod of the swarm (9/9) (You found it on level 7 of the Lair of Beasts)
 18333 | Lair:8   | Entered Level 8 of the Lair of Beasts
 18375 | Lair:8   | Received a gift from Trog
 18380 | Lair:8   | Got a twisted great sword {god gift}
 18421 | Lair:8   | Identified the +4 great sword "Death Rattle" {slice, +Inv Dex+6} (Trog gifted it to you on level 8 of the Lair of Beasts)
 18701 | Lair:8   | Reached skill level 14 in Crossbows
 18839 | Lair:8   | Received a gift from Trog
 18860 | Lair:8   | Got a fine blowgun
 18861 | Lair:8   | Identified the +8 blowgun "Throtize" {evade, rElec rPois MP+9 Int-2} (You found it on level 8 of the Lair of Beasts)
 19016 | Lair:8   | Reached XP level 14. HP: 125/129 MP: 14/14
 19034 | Lair:8   | Reached skill level 10 in Long Blades
 19034 | Lair:8   | Reached XP level 15. HP: 135/135 MP: 15/15
 19319 | Lair:8   | Received a gift from Trog
 19638 | Lair:8   | Found a staircase to the Slime Pits.
 20227 | D:9      | Received a gift from Trog
 20297 | D:9      | Found a blossoming altar of Fedhas.
 20316 | D:9      | Found a viscous altar of Jiyva.
 20348 | D:9      | Noticed Gastronok
 20362 | D:9      | Killed Gastronok
 20474 | D:10     | Entered Level 10 of the Dungeon
 20482 | D:10     | Noticed Urug
 20496 | D:10     | Killed Urug
 20740 | D:10     | Noticed Grum
 20742 | D:10     | Killed Grum
 20744 | D:10     | Received a gift from Trog
 20958 | D:10     | Found a portal to a secret trove of treasure.
 21108 | D:10     | Found a staircase to the Orcish Mines.
 21148 | D:10     | Received a gift from Trog
 21200 | Orc:1    | Entered Level 1 of the Orcish Mines
 21323 | Orc:2    | Received a gift from Trog
 21637 | Orc:2    | Received a gift from Trog
 21754 | Orc:2    | Found Grasofre's Food Shoppe.
 22295 | Orc:3    | Found a staircase to the Elven Halls.
 22315 | Orc:3    | Found a frozen archway.
 22367 | Orc:3    | Received a gift from Trog
 22367 | Orc:3    | Reached skill level 5 in Dodging
 22451 | IceCv    | Entered an ice cave
 23185 | IceCv    | Received a gift from Trog
 23906 | Orc:3    | Found an iron altar of Okawaru.
 24357 | Orc:4    | Entered Level 4 of the Orcish Mines
 24418 | Orc:4    | Received a gift from Trog
 24459 | Orc:4    | Received a gift from Trog
 24500 | Orc:4    | Reached XP level 16. HP: 134/143 MP: 16/16
 24565 | Orc:4    | Found Idaecan's Gadget Emporium.
 24565 | Orc:4    | Found Nulupop's Antique Armour Shop.
 24640 | Orc:4    | Found Wiuphul's Magic Scroll Shop.
 24640 | Orc:4    | Found Tweikki's Armour Shoppe.
 24708 | Orc:4    | Received a gift from Trog
 25060 | Orc:4    | Found a roughly hewn altar of Beogh.
 25065 | Orc:4    | Noticed Saint Roka
 25081 | Orc:4    | Killed Saint Roka
 25210 | Orc:3    | Found Criarr's Book Shop.
 25436 | Orc:1    | Received a gift from Trog
 25524 | Orc:1    | Found a bloodstained altar of Trog.
 26717 | D:12     | Noticed Nergalle
 26729 | D:12     | Killed Nergalle
 26783 | D:12     | Received a gift from Trog
 26823 | D:12     | Found a runed door.
 26957 | D:12     | Got a slimy robe
 26958 | D:12     | Identified the cursed -4 robe "Stodum" {rElec} (You found it on level 12 of the Dungeon)
 27365 | D:13     | Reached skill level 15 in Crossbows
 27820 | D:13     | Found a gate to the Vaults.
 28309 | D:14     | Got a twisted whip
 28310 | D:14     | Identified the +7 whip "Frop" {holy, +Rage +Inv rC+ rN+ Int-3} (You found it on level 14 of the Dungeon)
 28486 | D:14     | Received a gift from Trog
 28844 | D:15     | Entered Level 15 of the Dungeon
 29697 | D:15     | Found a staircase to the Depths.
 29953 | D:15     | Received a gift from Trog
 29968 | D:15     | Gained mutation: You have sharp toenails. [potion of beneficial mutation]
 29984 | D:15     | Noticed Snorg
 29997 | D:15     | Killed Snorg
 30386 | D:15     | Received a gift from Trog
 30722 | D:15     | Reached skill level 10 in Armour
 30722 | D:15     | Reached XP level 17. HP: 111/149 MP: 17/17
 31535 | Snake:1  | Entered Level 1 of the Snake Pit
 31671 | Snake:1  | Identified a scroll of acquirement
 31674 | Snake:1  | Got an ichor-stained helmet
 31685 | Snake:1  | Identified the +1 helmet of Puxt {Contam rElec rC+ Str+5 Dex+4} (You acquired it on level 1 of the Snake Pit)
 32440 | Snake:2  | Received a gift from Trog
 32998 | Snake:2  | Reached skill level 15 in Long Blades
 34074 | Snake:3  | Received a gift from Trog
 34364 | Snake:3  | Reached skill level 10 in Dodging
 35038 | Snake:4  | Got an ancient gossamer ring
 35040 | Snake:4  | Identified the ring of Klaud {rF+ rN+ Int+3 Dex+3 Slay-5} (You found it on level 4 of the Snake Pit)
 35108 | Snake:4  | Noticed Aizul
 35122 | Snake:4  | Killed Aizul
 35542 | Snake:5  | Entered Level 5 of the Snake Pit
 35601 | Snake:5  | Received a gift from Trog
 35649 | Snake:5  | Got a pair of polished boots
 35661 | Snake:5  | Identified the +0 pair of boots "Bri Noutt" {+Inv Str+3} (You acquired it on level 5 of the Snake Pit)
 35760 | Snake:5  | Noticed Jorgrun
 35780 | Snake:5  | Killed Jorgrun
 35875 | Snake:5  | Reached XP level 18. HP: 152/157 MP: 0/18
 35882 | Snake:5  | Received a gift from Trog
 36229 | Snake:5  | Received a gift from Trog
 36394 | Snake:5  | Received a gift from Trog
 36500 | Snake:5  | Got a serpentine rune of Zot
 36639 | Snake:5  | Noticed Vashnia
 36684 | Snake:5  | Reached skill level 1 in Shields
 36772 | Snake:5  | Received a gift from Trog
 36966 | Snake:5  | Found Fafe Wel's Magic Scroll Shoppe.
 37007 | Snake:5  | Bought a scroll of enchant armour for 142 gold pieces
 37007 | Snake:5  | Bought a scroll of identify for 38 gold pieces
 37007 | Snake:5  | Bought a scroll of enchant weapon for 142 gold pieces
 37007 | Snake:5  | Bought a scroll of enchant armour for 142 gold pieces
 37007 | Snake:5  | Bought a scroll of fog for 38 gold pieces
 37007 | Snake:5  | Bought a scroll of teleportation for 57 gold pieces
 37007 | Snake:5  | Bought a scroll of identify for 38 gold pieces
 37007 | Snake:5  | Bought a scroll of magic mapping for 66 gold pieces
 37007 | Snake:5  | Bought a scroll of enchant weapon for 142 gold pieces
 37007 | Snake:5  | Bought a scroll of silence for 142 gold pieces
 37613 | Elf:1    | Entered Level 1 of the Elven Halls
 37640 | Elf:1    | Found Skiff's General Store.
 37643 | Elf:1    | Bought a scroll of enchant armour for 142 gold pieces
 37643 | Elf:1    | Bought a scroll of enchant weapon for 142 gold pieces
 37643 | Elf:1    | Bought a scroll of identify for 38 gold pieces
 37643 | Elf:1    | Bought a potion of curing for 57 gold pieces
 37653 | Elf:1    | Noticed Asterion
 37669 | Elf:1    | Killed Asterion
 37829 | Elf:1    | Reached skill level 5 in Shields
 37921 | Elf:1    | Received a gift from Trog
 38860 | Elf:2    | Found a runed gate.
 38860 | Elf:2    | Found a runed gate.
 38860 | Elf:2    | Found a runed gate.
 38984 | Elf:2    | Received a gift from Trog
 38999 | Elf:2    | Got a bloodstained long sword {god gift}
 39000 | Elf:2    | Identified the +7 long sword of Expedience {vamp, rF- Str+2 Dex+4} (Trog gifted it to you on level 2 of the Elven Halls)
 39355 | Elf:2    | Reached XP level 19. HP: 152/163 MP: 18/18
 39663 | Elf:3    | Entered Level 3 of the Elven Halls
 39743 | Elf:3    | Received a gift from Trog
 39996 | Elf:3    | Received a gift from Trog
 40210 | Elf:3    | Reached skill level 10 in Shields
 40416 | Elf:3    | Received a gift from Trog
 41072 | Elf:3    | Received a gift from Trog
 41806 | Vaults:1 | Entered Level 1 of the Vaults
 41907 | Vaults:1 | Found a flickering gateway to a bazaar.
 41912 | Bazaar   | Entered a bazaar
 41930 | Bazaar   | Found Klitwir's General Store.
 41945 | Bazaar   | Found Acupes' Food Emporium.
 41958 | Bazaar   | Found Zeehuema's Gadget Emporium.
 41958 | Bazaar   | Found Gimykeu's Weapon Shoppe.
 41979 | Bazaar   | Found Ghet's Weapon Shoppe.
 42053 | Bazaar   | Bought 3 scrolls of remove curse for 117 gold pieces
 42053 | Bazaar   | Bought a potion of might for 52 gold pieces
 42223 | Vaults:1 | Received a gift from Trog
 42512 | Vaults:1 | Reached XP level 20. HP: 137/174 MP: 19/19
 42590 | Vaults:1 | Gained mutation: You have a pair of small horns on your head. [potion of beneficial mutation]
 43163 | Vaults:1 | Upgraded the game from 0.16.0-6-gad6103a to 0.16.0-8-gd9ae3a8
 43406 | Vaults:2 | Received a gift from Trog
 43457 | Vaults:2 | Noticed Wiglaf
 43469 | Vaults:2 | Killed Wiglaf
 43790 | Vaults:2 | Received a gift from Trog
 43821 | Vaults:2 | Reached skill level 15 in Shields
 44362 | Vaults:2 | Received a gift from Trog
 44709 | Vaults:2 | Reached skill level 15 in Fighting
 44720 | Vaults:2 | Received a gift from Trog
 45079 | D:14     | Got a distressingly furry ring mail
 45080 | D:14     | Identified the +0 ring mail "Klonn" {+Fly MR- Int+4} (You found it on level 14 of the Dungeon)
 45761 | Vaults:3 | Received a gift from Trog
 45774 | Vaults:3 | Got a fine pewter amulet
 45777 | Vaults:3 | Identified the amulet of Atheism {Clar +Fly rF- MR+ Str+4 Stlth-} (You took it off a vault sentinel on level 3 of the Vaults)
 46319 | Elf:1    | Reached XP level 21. HP: 171/187 MP: 20/20
 47023 | Vaults:3 | Found a staircase to the Crypt.
 47023 | Vaults:3 | Found an ancient bone altar of Kikubaaqudgha.
 47024 | Vaults:3 | Found a basalt altar of Yredelemnul.
 47288 | Vaults:4 | Reached skill level 16 in Fighting
 47448 | Vaults:4 | Received a gift from Trog
 47471 | Vaults:4 | Noticed Xtahua
 47484 | Vaults:4 | Killed Xtahua
 47586 | Vaults:4 | Noticed Agnes
 47603 | Vaults:4 | Killed Agnes
 47603 | Vaults:4 | Reached skill level 17 in Fighting
 47857 | Vaults:4 | Received a gift from Trog
 47901 | Vaults:4 | Received a gift from Trog
 48161 | Vaults:4 | Noticed Sojobo
 48174 | Vaults:4 | Killed Sojobo
 48437 | Vaults:4 | Reached skill level 18 in Fighting
 48510 | Vaults:4 | Received a gift from Trog
 48632 | Vaults:5 | Entered Level 5 of the Vaults
 48659 | Vaults:5 | Received a gift from Trog
 48708 | Vaults:5 | HP: 6/193 [vault guard/halberd (10)]
 48709 | Vaults:5 | Slain by a vault guard

Action                   |  1- 3 |  4- 6 |  7- 9 | 10-12 | 13-15 | 16-18 | 19-21 || total
-------------------------+-------+-------+-------+-------+-------+-------+-------++-------
Melee: Short sword       |    56 |   119 |    68 |    87 |       |       |       ||   330
       Hand crossbow     |       |       |     1 |       |       |       |       ||     1
       Falchion          |       |       |       |   356 |   366 |       |       ||   722
       Great sword       |       |       |       |       |   557 |   437 |       ||   994
       Long sword        |       |       |       |       |   413 |  1923 |  1667 ||  4003
       Triple sword      |       |       |       |       |    13 |       |       ||    13
 Fire: Hand crossbow     |     6 |    84 |   413 |   536 |       |       |     8 ||  1047
       Arbalest          |       |       |       |       |    65 |    21 |       ||    86
       Triple crossbow   |       |       |       |       |       |    50 |       ||    50
Invok: Burn Spellbooks   |       |     1 |       |     2 |     2 |     3 |     1 ||     9
       Berserk           |       |       |     1 |     9 |    12 |    10 |     2 ||    34
       Brothers in Arms  |       |       |       |     1 |     1 |     7 |     5 ||    14
       Trog's Hand       |       |       |       |       |     1 |     5 |     7 ||    13
 Abil: End Transformatio |       |       |     1 |       |       |       |       ||     1
       Bat Form          |       |       |     1 |       |       |       |       ||     1
Evoke: Wand              |       |       |       |     3 |     5 |     3 |     4 ||    15
  Use: Potion            |     3 |     2 |     2 |     4 |     4 |     5 |     9 ||    29
       Scroll            |       |     8 |    12 |    13 |    12 |    27 |    19 ||    91
 Stab: Sleeping          |     2 |     1 |       |     1 |     4 |     7 |     1 ||    16
       Distracted        |       |       |       |       |     2 |     3 |     4 ||     9
       Fleeing           |       |       |       |       |     2 |       |       ||     2
       Confused          |       |       |       |       |       |     1 |       ||     1
  Eat: Corpse            |     9 |     7 |    22 |    34 |    48 |    69 |    31 ||   220
